 Dungeon Crawl Stone Soup version 0.17-a0-1-g1f4be75 (webtiles) character file.

732 BLOAX the Ruffian (level 7, -17/71 HPs)
             Began as a Troll Transmuter on Mar 13, 2015.
             Killed from afar by Pikel (27 damage)
             ... with a wand of draining
             ... on level 6 of the Dungeon.
             The game lasted 00:07:33 (1258 turns).

BLOAX the Ruffian (Troll Transmuter)                Turns: 1258, Time: 00:07:33

Health: -17/71     AC:  6    Str: 21    XL:     7   Next: 45%
Magic:  5/5        EV:  9    Int:  9    God:
Gold:   55         SH:  0    Dex: 10    Spells: 1 memorised, 7 levels left

rFire  . . .     SeeInvis .       - Unarmed
rCold  . . .     Clarity  .     c - +0 robe
rNeg   . . .     SustAb   .     (shield restricted)
rPois  .         Gourm    +     (helmet restricted)
rElec  .         Spirit   .     q - +0 cloak
rCorr  .         Warding  .     (gloves unavailable)
rMut   .         Stasis   .     (boots unavailable)
MR     .....                    (no amulet)
Stlth  +.........               (no ring)
                                (no ring)

@: heavily drained, not resistant to hostile enchantments, very unstealthy
A: unfitting armour, claws 3, fast metabolism 3, gourmand, regeneration 2,
shaggy fur 1, tough skin 2
a: no special abilities


You were on level 6 of the Dungeon.
You were completely stuffed.

You visited 1 branch of the dungeon, and saw 6 of its levels.

You collected 55 gold pieces.


Innate Abilities, Weirdness & Mutations

You are too large for most types of armour.
You have claws for hands.
Your metabolism is lightning-fast.
You like to eat raw meat.
You heal very quickly.
You are covered in fur (AC +1).
You have very tough skin (AC +2).


   Skills:
 + Level 4.8(3.1) Fighting
 - Level 1.5(0.0) Dodging
 + Level 6.5(4.7) Unarmed Combat
 - Level 1.2(0.0) Spellcasting
 - Level 1.3(0.0) Transmutations


You had 7 spell levels left.
You knew the following spells:

 Your Spells              Type           Power        Failure   Level  Hunger
a - Beastly Appendage     Trmt           #.....       38%         1    ##.....


Dungeon Overview and Level Annotations

Branches:
Dungeon (6/15)
 Temple: D:4-7

Altars:
Sif Muna

Annotations:
D:6 Pikel

Inventory:

Missiles
 b - 80 arrows
 m - 6 javelins (quivered)
Armour
 c - a +0 robe (worn)
 q - a +0 cloak (worn)
   (You found it on level 4 of the Dungeon)
Scrolls
 e - a scroll of fear
 h - a scroll of teleportation {unknown}
 i - a scroll of blinking {unknown}
 j - a scroll of enchant weapon {unknown}
 n - a scroll of random uselessness {unknown}
 o - a scroll of immolation {unknown}
 r - a scroll of magic mapping {unknown}
 s - a scroll of enchant armour {unknown}
 u - a scroll of remove curse
 x - a scroll of identify {unknown}
Potions
 f - a potion of brilliance {unknown}
 g - a potion of might {unknown}
 k - a potion of mutation {unknown}
 p - a potion of agility {unknown}
 t - a potion of curing
 w - a potion of heal wounds {unknown}
Books
 d - a book of Changes

   Spells                             Type                      Level
   a - Beastly Appendage              Transmutation                1
   b - Sticks to Snakes               Transmutation                2
   c - Spider Form                    Transmutation/Poison         3
   d - Ice Form                       Ice/Transmutation            4
   e - Blade Hands                    Transmutation                5
 y - a book of Alchemy
   (You found it on level 5 of the Dungeon)

   Spells                             Type                      Level
   a - Sublimation of Blood           Necromancy                   2
   b - Alistair's Intoxication        Transmutation/Poison         4
   c - Condensation Shield            Ice                          4
   d - Petrify                        Transmutation/Earth          4
   e - Ignite Poison                  Fire/Transmutation           5
   f - Irradiate                      Conjuration/Transmutation    5
Comestibles
 a - 5 meat rations
 l - a bread ration
 v - a fruit

##....#####.#....####.##
#.%..##................
#....##.........####.##
########....##.........)....##
#...........##.........#......
##.###########.............#..
#.#.. p..# #.......)####.#..
#.#p####.#######+#...##.#.#..
#.#.##pK....@....#......#.#..
#.#.##.#.#########.#.##.#.#..
#.#....#....#<...#.#.##'#.#.
#.........#.#..#.#.#.#....#
#####.......#....#.#......#
#............#.#.#....#
#.......#.#..#.#......###
###.....#.#..#.###.......
#.....#....#.# #...####


You could see Pikel (fleeing) and a slave (fleeing).


Message History

The iguana is almost dead.
The iguana closely misses you.
You scratch the iguana.
You kill the iguana!
You see here an iguana corpse.
No target in view!
Found a chain mail.
Found an escape hatch in the floor.
No target in view!
You see here an iguana corpse.
You butcher the iguana corpse.
z - 2 chunks of flesh {@*1} Eating one of 2 chunks of flesh {@*1}.
This raw flesh tastes great.
Eating a chunk of flesh {@*1}.
This raw flesh tastes great.
An iguana comes into view.
The iguana hisses angrily.
The iguana bites you. The iguana bites you.
There is an escape hatch in the floor, spattered with blood here.
You closely miss the iguana. You scratch the iguana.
The iguana is moderately wounded.
The iguana bites you but does no damage.
You scratch the iguana but do no damage.
The iguana is moderately wounded.
The iguana bites you.
You claw the iguana!
You kill the iguana!
No target in view!
A worker ant comes into view.
You see here an iguana corpse.
The worker ant bites you but does no damage.
The worker ant bites you.
You claw the worker ant!
The worker ant is severely wounded.
The worker ant bites you.
You are poisoned.
The worker ant poisons you!
You closely miss the worker ant. You claw the worker ant.
You kill the worker ant!
You feel sick.
No target in view!
You feel sick.
You see here a worker ant corpse.
You feel sick.
You feel sick.
You feel sick.
You feel sick.
You feel sick.
You feel sick. 3 slaves and Pikel come into view.
Pikel shouts!
The slave shouts!
The slave shouts!
The slave shouts!
The slave hits you.
You feel sick.
Pikel zaps a wand.
The bolt of negative energy misses you.
It is a wand of draining.
The slave barely misses you.
You feel sick.
Pikel zaps a wand.
The bolt of negative energy hits you!
You feel drained.
* * * LOW HITPOINT WARNING * * *
A slave comes into view.
You feel sick.
You are no longer poisoned.
Pikel zaps a wand.
The bolt of negative energy hits you!
You feel drained.
* * * LOW HITPOINT WARNING * * *
Drink which item? (? for menu, Esc to quit)
Okay, then.
Read which item? (? for menu, Esc to quit)
As you read the scroll of fear, it crumbles to dust.
You assume a fearsome visage.
Pikel looks frightened!
The slave looks frightened!
Pikel zaps a wand.
The bolt of negative energy hits you!
You feel drained.
You die...

Action                   |  1- 3 |  4- 6 |  7- 9 || total
-------------------------+-------+-------+-------++-------
Melee: Unarmed           |    99 |    95 |    29 ||   223
  Use: Potion            |       |     1 |       ||     1
       Scroll            |       |     2 |     1 ||     3
 Stab: Sleeping          |       |     1 |       ||     1
  Eat: Chunk             |     8 |     3 |     6 ||    17

Vault maps used:
D:1:      eino_arrival_cavern_a
D:2:      lemuel_doored_altar
D:3:      zin_statuary
D:4:      first_bread, minmay_vboxes
D:5:      lemuel_round_altar, lemuel_temple_firewalk_marked
D:6:      uniq_pikel

Notes
Turn   | Place    | Note
--------------------------------------------------------------
     0 | D:1      | BLOAX, the Troll Transmuter, began the quest for the Orb.
     0 | D:1      | Reached XP level 1. HP: 18/18 MP: 2/2
    57 | D:2      | Reached skill level 1 in Fighting
   189 | D:2      | Reached XP level 2. HP: 14/27 MP: 2/2
   284 | D:2      | HP: 7/28 [adder (1)]
   285 | D:2      | Reached XP level 3. HP: 8/35 MP: 3/3
   289 | D:2      | HP: 7/35 [poisoned by an adder]
   295 | D:2      | HP: 6/35 [poisoned by an adder]
   300 | D:2      | HP: 6/35 [poisoned by an adder]
   307 | D:2      | HP: 8/35 [poisoned by an adder]
   441 | D:3      | Reached skill level 2 in Fighting
   624 | D:4      | Reached skill level 4 in Unarmed Combat
   624 | D:4      | Reached XP level 4. HP: 25/44 MP: 4/4
   738 | D:4      | Reached XP level 5. HP: 36/52 MP: 4/4
   751 | D:4      | Got a jewelled plate armour
   752 | D:4      | :(
   796 | D:5      | Entered Level 5 of the Dungeon
   805 | D:5      | Reached skill level 3 in Fighting
   818 | D:5      | Noticed a centaur
   834 | D:5      | Reached skill level 5 in Unarmed Combat
   838 | D:5      | HP: 10/53 [centaur (6)]
   839 | D:5      | Killed a centaur
   839 | D:5      | Reached XP level 6. HP: 11/62 MP: 5/5
   979 | D:5      | Found a deep blue altar of Sif Muna.
  1094 | D:6      | Reached skill level 4 in Fighting
  1104 | D:6      | Reached skill level 6 in Unarmed Combat
  1106 | D:6      | Reached XP level 7. HP: 58/71 MP: 5/5
  1247 | D:6      | Noticed Pikel
  1257 | D:6      | HP: 9/71 [Pikel/wand of draining (13)]
  1258 | D:6      | Killed from afar by Pikel

Vanquished Creatures
  A black bear (D:6)
  A centaur (D:5)
  A giant frog (D:6)
  A scorpion (D:5)
  2 jellies
  2 orc wizards (D:6)
  A giant frog skeleton (D:6)
  6 worker ants
  2 iguanas (D:6)
  4 adders
  A giant mite (D:3)
  A worm (D:5)
  2 giant geckos
  An ooze (D:5)
  7 orcs
  2 ball pythons (D:2)
  6 bats
  3 giant cockroaches (D:3)
  A goblin (D:2)
  5 hobgoblins
  4 jackals (D:2)
  5 kobolds
  A quokka (D:3)
  6 rats
66 creatures vanquished.

Vault maps used:
D:1:      eino_arrival_cavern_a
D:2:      lemuel_doored_altar
D:3:      zin_statuary
D:4:      first_bread, minmay_vboxes
D:5:      lemuel_round_altar, lemuel_temple_firewalk_marked
D:6:      uniq_pikel
